 Dungeon Crawl Stone Soup version 0.28.0-45-g0d030f2227 (webtiles) character file.

Game seed: 5537879096726790997

4 dohliylev the Sneak (level 1, 0/9 HPs)
             Began as a Spriggan Enchanter on May 10, 2022.
             Slain by a bat (1 damage)
             ... on level 1 of the Dungeon.
             The game lasted 00:00:50 (99 turns).

dohliylev the Sneak (Spriggan Enchanter)              Turns: 99, Time: 00:00:51

Health: 0/9        AC:  2    Str:  4    XL:     1   Next: 50%
Magic:  5/5        EV: 17    Int: 16    God:
Gold:   19         SH:  0    Dex: 15    Spells: 5/5 levels left

rFire   . . .      SeeInvis +   a - +1 dagger
rCold   . . .      Faith    .   (no shield)
rNeg    . . .      Spirit   .   b - +0 robe
rPois   .          Reflect  .   (helmet restricted)
rElec   .          Harm     .   (no cloak)
rCorr   .          Rampage  .   (gloves unavailable)
Will    .....                   (boots unavailable)
Stlth   +++.......              (no amulet)
HPRegen 0.03/turn               (no ring)
MPRegen 0.09/turn               (no ring)

@: very quick
A: very small, no large weapons, unfitting armour, see invisible, speed 3
a: no special abilities


You were on level 1 of the Dungeon.
You visited 1 branch of the dungeon, and saw 1 of its levels.

You collected 19 gold pieces.

Inventory:

Hand Weapons
 a - a +1 dagger (weapon)
Armour
 b - a +0 robe (worn)
Potions
 c - a potion of invisibility


   Skills:
 + Level 1.1 Short Blades
 + Level 2.6 Dodging
 + Level 4.7 Stealth
 + Level 2.8 Spellcasting
 + Level 3.6 Hexes


You had 5 spell levels left.
You didn't know any spells.
Your spell library contained the following spells:

 Spells                   Type           Power      Damage    Failure   Level
 Confusing Touch          Hex            13%        N/A       13%         3
 Tukima's Dance           Hex            13%        N/A       13%         3
 Ensorcelled Hibernation  Hex/Ice        16%        N/A       14%         2
 Dazzling Flash           Conj/Hex       16%        N/A       26%         3


Dungeon Overview and Level Annotations

Branches:
Dungeon (1/15)

Altars:


Innate Abilities, Weirdness & Mutations

You are very small and have problems with some larger weapons.
You are too small for most types of armour.
You have supernaturally acute eyesight. (SInv)
You cover ground extremely quickly. (Speed+++)


Message History

You kill the giant cockroach!
A kobold comes into view. It is wielding a +0 whip.
Found a stone staircase leading down.
A bat comes into view.
The kobold barely misses you.
You barely miss the kobold. The bat hits you.
The kobold hits you with a +0 whip.
You hit the kobold.
The kobold is heavily wounded.
The bat hits you but does no damage. The kobold hits you with a +0 whip.
You hit the kobold.
You kill the kobold!
The bat closely misses you. The bat completely misses you.
You are too injured to fight recklessly!
You are too injured to fight recklessly!
You are too injured to fight recklessly!
You are too injured to fight recklessly!
You are too injured to fight recklessly!
You are too injured to fight recklessly!
You are too injured to fight recklessly!
You are too injured to fight recklessly!
You hit the bat.
The bat is moderately wounded.
The bat hits you but does no damage. The bat hits you.
* * * LOW HITPOINT WARNING * * *
You are too injured to fight recklessly!
You are too injured to fight recklessly!
You are too injured to fight recklessly!
You are too injured to fight recklessly!
You barely miss the bat.
The bat is moderately wounded.
The bat completely misses you. The bat misses you.
You completely miss the bat.
The bat is moderately wounded.
The bat hits you.
* * * LOW HITPOINT WARNING * * *
The bat hits you.
You die...

##### .....
.....########
............#
............#
............#
#..).....#
#.....@..#
.#......b.####.#
................>#
...#........########
.. #######+#.......#
. #.#####.#
#.#####.##
#.#......# #.#...#


You could see a bat.

Vanquished Creatures
  A giant cockroach (D:1)
  A hobgoblin (D:1)
  A kobold (D:1)
3 creatures vanquished.

Notes
Turn   | Place    | Note
-------+----------+-------------------------------------------
     0 | D:1      | dohliylev the Spriggan Enchanter began the quest for the
                  | Orb.
     0 | D:1      | Reached XP level 1. HP: 9/9 MP: 5/5
    99 | D:1      | Slain by a bat

Illustrated notes

Levels and vault maps discovered:
D:1:      giann_forest_graveyard, layout_basic, serial_shops, shop_coins

Action                   || total
-------------------------++-------
Melee: Dagger            ||     8
 Stab: Sleeping          ||     2
Armor: Robe              ||     2
Dodge: Dodged            ||     5
